 Dungeon Crawl Stone Soup version 0.30-a0-626-gd6a5dd7a1f (webtiles) character file.

Game seed: 4003182013719263663

107 tsouns the Trooper (level 4, -1/30 HPs)
             Began as a Gargoyle Chaos Knight on Jan 11, 2023.
             Was a Plaything of Xom.
             Slain by Crazy Yiuf
             ... wielding a +3 quarterstaff of chaos
              (5 damage)
             ... on level 3 of the Dungeon.
             The game lasted 00:04:11 (2149 turns).

tsouns the Trooper (Gargoyle Chaos Knight)          Turns: 2149, Time: 00:04:11

Health: -1/30      AC: 15    Str: 15    XL:     4   Next: 85%
Magic:  4/4        EV: 11    Int: 15    God:    Xom [.....*]
Gold:   164        SH:  0    Dex:  9    Spells: 3/3 levels left

rFire   . . .      SeeInvis .    a - +0 mace (chaos)
rCold   . . .      Faith    .    (no shield)
rNeg    + . .      Spirit   .    b - +2 leather armour
rPois   ∞          Reflect  .    (no helmet)
rElec   +          Harm     .    r - +0 cloak
rCorr   +          Rampage  .    g - +0 pair of gloves
Will    .....                    (no boots)
Stlth   +                        (no amulet)
HPRegen 0.25/turn                f - +4 ring of protection
MPRegen 0.09/turn                t - ring of resist corrosion

@: no status effects
A: sickness immunity, AC +3, negative energy resistance 1, electricity
resistance, torment resistance 1, petrification resistance, mutation resistance
1
a: Renounce Religion


You were on level 3 of the Dungeon.
You worshipped Xom.
You were Xom's teddy bear.
You visited 1 branch of the dungeon, and saw 3 of its levels.

You collected 164 gold pieces.

Inventory:

Hand Weapons
 a - a +0 mace of chaos (weapon)
Armour
 b - a +2 leather armour (worn)
 g - a +0 pair of gloves (worn)
 r - a +0 cloak (worn)
Jewellery
 f - a +4 ring of protection (left hand)
 t - a ring of resist corrosion (right hand)
 w - a ring of magical power
Scrolls
 d - a scroll of fog {unknown}
 k - 2 scrolls of identify {unknown}
 n - 4 scrolls of teleportation {unknown}
 p - a scroll of immolation {unknown}
 q - a scroll of blinking {unknown}
 s - a scroll of fear {unknown}
 v - a scroll of amnesia {unknown}
Potions
 e - 3 potions of brilliance {unknown}
 h - a potion of flight {unknown}
 i - 2 potions of invisibility {unknown}
 j - 2 potions of haste {unknown}
 l - a potion of curing {unknown}
 m - a potion of heal wounds {unknown}
 o - 2 potions of mutation {unknown}
 u - a potion of lignification {unknown}
Miscellaneous
 c - a piece from Xom's chessboard (8/15) (quivered)


   Skills:
 + Level 4.3 Fighting
 + Level 4.0 Maces & Flails
 + Level 3.5 Armour
 - Level 0.7 Dodging


You had 3 spell levels left.
You didn't know any spells.
Your spell library was empty.

Dungeon Overview and Level Annotations

Branches:
Dungeon (3/15)

Altars:
Hepliaklqana
Zin

Shops:
D:1 [

Annotations:
D:3 Crazy Yiuf


Innate Abilities, Weirdness & Mutations

You are immune to sickness and miasma.
Your stone body is resilient. (AC +3)
You are immune to poison.
You resist negative energy. (rN+)
You are resistant to electric shocks. (rElec)
You are resistant to unholy torment.
You are immune to petrification.
You are somewhat resistant to further mutation.


Message History

Something hits you.
You swap places.
Something hits your orc zombie!!
Your orc zombie is destroyed!
You can't see anything.
Try to make a move anyway?
Okay, then.
There is an escape hatch in the ceiling here.
A mysterious force pulls you upwards. The hatch slams shut behind you.
Reactivating autopickup.
The frilled lizard hisses angrily.
The adder hisses angrily.
The endoplasm quivers.
There is an open door here.
There is a stone staircase leading down here.
You climb downwards.
Level annotation: Crazy Yiuf
There is a stone staircase leading up here. "Let me alter your pitiful body."
Your body is suffused with distortional energy.
You feel genetically stable.
There is a stone staircase leading down here.
There is an open translucent door here.
There is an open translucent door here.
Crazy Yiuf shouts!
Crazy Yiuf is nearby!
You make a move on Xom's chessboard...
Crazy Yiuf resists with significant effort.
You make a move on Xom's chessboard...
Crazy Yiuf twists and deforms.
You make a move on Xom's chessboard...
Crazy Yiuf seems to speed up.
You make a move on Xom's chessboard...
Crazy Yiuf flickers and vanishes!
Deactivating autopickup; reactivate with Ctrl-A.
You barely miss something. Something hits you! Something burns you.
Something hits you. Something freezes you.
* * * LOW HITPOINT WARNING * * *
You hit something. You burn something. Something hits you.
* * * LOW HITPOINT WARNING * * *
Something freezes you.
* * * LOW HITPOINT WARNING * * *
Something hits you but does no damage. Something hits you.
You die... "Boring in life, boring in death..."

#.#####.................
##.#####.#.#.#)###.#.####
#............#.# #.#.####
#.######...###.###.#.....
#.#####......)÷....).####
#Z#......<..#......#.#
#.#.###.....#...#..#.####
#.#.####...######..#....#
#.#....#@{..............#
#.............###.##....#
######.######.# #.##...##
##.## #.# #.#..)..#
#.#.## #.# #.#.....#
####.####.# #.#.....#
##.....# #.##...## ####
♣♣#####.###### #.##..##
)..#♣♣ ♣♣..#.#.## #.##..#


There were no monsters in sight!

Vanquished Creatures
  An orc priest (D:3)
  An adder (D:2)
  2 dart slugs
  7 orcs
  2 endoplasms (D:2)
  3 giant cockroaches
  4 goblins (D:1)
  3 hobgoblins
  3 jackals (D:1)
  4 kobolds
  3 quokkas
  7 ball pythons
  6 bats
  7 frilled lizards
  4 rats
57 creatures vanquished.

Vanquished Creatures (others)
  An orc zombie (D:3)
1 creature vanquished.

Grand Total: 58 creatures vanquished

Notes
Turn   | Place    | Note
-------+----------+-------------------------------------------
     0 | D:1      | tsouns the Gargoyle Chaos Knight began the quest for the
                  | Orb.
     0 | D:1      | Reached XP level 1. HP: 14/14 MP: 1/1
    70 | D:1      | XOM: silly message
    76 | D:1      | XOM: divination: magic mapping
   102 | D:1      | Reached XP level 2. HP: 19/19 MP: 2/2
   123 | D:1      | XOM: divination: detect items
   126 | D:1      | Found Ubboc's Armour Shop.
   512 | D:1      | Reached XP level 3. HP: 24/24 MP: 3/3
   632 | D:1      | XOM: divination: magic mapping
   701 | D:1      | XOM is BORED!
   701 | D:1      | XOM: noise
   823 | D:1      | XOM: divination: detect items
   946 | D:2      | Found a faded altar of an unknown god.
   986 | D:2      | Found a hazy altar of Hepliaklqana.
  1456 | D:3      | XOM: noise
  1466 | D:3      | Reached XP level 4. HP: 29/29 MP: 4/4
  1611 | D:3      | XOM: scenery: summon butterflies
  1920 | D:3      | Found a glowing silver altar of Zin.
  1963 | D:3      | Found a runed translucent door.
  1964 | D:3      | Noticed Crazy Yiuf
  2046 | D:3      | XOM: give mutation
  2046 | D:3      | Gained mutation: You are somewhat resistant to further
                  | mutation. [Xom's grace]
  2149 | D:3      | Slain by Crazy Yiuf

Illustrated notes

Levels and vault maps discovered:
D:1:      minmay_arrival_widening_spiral_wide, layout_basic, serial_shops,
          nicolae_shop_hallway_plus
D:2:      layout_basic, chequers_ecumenical_altar_grove, basic_altar,
          lightli_corner_chamber
D:3:      layout_loops_ring, zin_statuary, chequers_serial_rivers_small_a,
          uniq_crazy_yiuf_cottage

Skill      XL: |  1  2  3  4 |
---------------+-------------+-----
Armour         | 3 |  3.5
Fighting       | 4 |  4.3
Maces & Flails | 4 |  4.0
Dodging        | |  0.7

Action                   |  1- 3 |  4- 6 || total
-------------------------+-------+-------++-------
Melee: Mace              |   117 |    33 ||   150
Evoke: Piece from Xom's  |       |     7 ||     7
 Stab: Paralysed         |     2 |       ||     2
Armor: Leather armour    |    79 |    17 ||    96
Dodge: Dodged            |    74 |    13 ||    87

Table legend: (Time is in decaauts)
 A = Elapsed time spent in this place.
 B = Non-inter-level travel time spent in this place.
 C = Inter-level travel time spent in this place.
 D = Time resting spent in this place.
 E = Time spent auto-exploring this place.
 F = Levels seen in this place.
 G = Mean time per level.
                   A        B        C        D        E       F      G
               +--------+--------+--------+--------+--------+-----+--------+
         Total |   2181 |   2107 |     74 |      0 |   1600 |   3 |  727.0 |
       Dungeon |   2181 |   2107 |     74 |      0 |   1600 |   3 |  727.0 |
               +--------+--------+--------+--------+--------+-----+--------+

Top non-repeatable levels by time:
     D:1: 887 daAuts
     D:3: 666 daAuts
     D:2: 627 daAuts
